 Dungeon Crawl Stone Soup version 0.30-a0-830-gfe289a77b0 (webtiles) character file.

Game seed: 17220225158588323323

273 Nacht the Digger (level 6, 20/41 HPs)
             Began as a Demonspawn Earth Elementalist on Feb 28, 2023.
             Quit the game on level 4 of the Dungeon.
             The game lasted 00:03:12 (3389 turns).

Nacht the Digger (Demonspawn Earth Elementalist)    Turns: 3389, Time: 00:03:12

Health: 20/41      AC:  8    Str:  8    XL:     6   Next: 2%
Magic:  2/10       EV: 12    Int: 19    God:
Gold:   166        SH:  0    Dex: 13    Spells: 4/10 levels left

rFire   . . .      SeeInvis .    d - +1 dagger (venom)
rCold   . . .      Faith    .    (no shield)
rNeg    . . .      Spirit   .    a - +0 robe
rPois   .          Reflect  .    (no helmet)
rElec   .          Harm     .    (no cloak)
rCorr   .          Rampage  .    (no gloves)
Will    .....                    (no boots)
Stlth   ++                       (no amulet)
HPRegen 0.26/turn                (no ring)
MPRegen 0.12/turn                (no ring)

@: sanguine armoured
A: demonic guardian 1, sanguine armour 1, weakness stinger 2
a: no special abilities


You were on level 4 of the Dungeon.
You visited 1 branch of the dungeon, and saw 4 of its levels.

You collected 166 gold pieces.

Inventory:

Hand Weapons
 d - a +1 dagger of venom (weapon)
Armour
 a - a +0 robe (worn)
Wands
 o - a wand of mindburst (9)
Scrolls
 b - 2 scrolls of vulnerability {unknown}
 c - a scroll of summoning {unknown}
 e - 2 scrolls of teleportation {unknown}
 f - a scroll of poison {unknown}
 g - a scroll of magic mapping {unknown}
 i - 4 scrolls of identify {unknown}
 j - a scroll of fear {unknown}
 k - a scroll of enchant armour {unknown}
 m - a scroll of immolation {unknown}
 q - 2 scrolls of blinking {unknown}
Potions
 h - 2 potions of mutation {unknown}
 l - a potion of flight {unknown}
 n - 5 potions of curing {unknown}
 p - a potion of degeneration {unknown}


   Skills:
 - Level 1.7 Dodging
 - Level 1.7 Stealth
 + Level 2.7 Spellcasting
 * Level 2.8 Conjurations
 - Level 0.8 Transmutations
 + Level 5.0 Earth Magic


You had 4 spell levels left.
You knew the following spells:

 Your Spells              Type           Power      Damage    Failure   Level
a - Sandblast             Erth           42%        2d11      1%          1
b - Stone Arrow           Conj/Erth      34%        3d9       9%          3
w - Passwall              Tmut/Erth      10%        N/A       7%          2

Your spell library contained the following spells:

 Spells                   Type           Power      Damage    Failure   Level
 Inner Flame              Hex/Fire       2%         N/A       43%         3
 Tukima's Dance           Hex            2%         N/A       43%         3
 Petrify                  Tmut/Erth      13%        N/A       43%         4
 Cause Fear               Hex            1%         N/A       83%         4
 Passage of Golubria      Tloc           2%         N/A       83%         4
 Yara's Violent Unravell  Hex/Tmut       2%         3d3       98%         5
 Discord                  Hex            1%         N/A       100%        8


Dungeon Overview and Level Annotations

Branches:
Dungeon (4/15)             Temple (0/1) D:4

Altars:
Cheibriados

Shops:
D:3 (


Innate Abilities, Weirdness & Mutations

A weak demonic guardian rushes to your aid.
When seriously injured, your blood forms armour. (AC +6)
You have a tail ending in a sharp stinger.


Message History

The orc wizard casts a spell at you.
The puff of flame hits you but does no damage.
Casting: Sandblast (safe; 1% risk of failure)
Confirm with . or Enter, or press ? or * to list all spells.
Aiming: Sandblast (safe; 1% risk of failure)
Press: ? - help, Shift-Dir - straight line, f/p - orc wizard
Aim: an orc wizard, wielding a +0 dagger and wearing a +0 robe (severely wounded, 79% to hit)
The blast of sand hits the orc wizard but does no damage.
The orc wizard is severely wounded.
The orc wizard hits you but does no damage.
Something hits you but does no damage. The orc wizard barely misses you.
Casting: Sandblast (safe; 1% risk of failure)
Confirm with . or Enter, or press ? or * to list all spells.
Aiming: Sandblast (safe; 1% risk of failure)
Press: ? - help, Shift-Dir - straight line, f/p - orc wizard
Aim: an orc wizard, wielding a +0 dagger and wearing a +0 robe (severely wounded, 79% to hit)
The blast of sand hits the orc wizard!
You kill the orc wizard!
Something barely misses you.
You have reached level 6!
Your demonic ancestry asserts itself...
You feel the presence of a demonic guardian.
Casting: Sandblast (safe; 1% risk of failure)
Confirm with . or Enter, or press ? or * to list all spells.
Aiming: Sandblast (safe; 1% risk of failure)
Press: ? - help, Shift-Dir - straight line, f - orc
Aim: an orc, wielding a +0 hand axe and wearing a +0 leather armour (83% to hit)
The blast of sand hits the orc.
The orc is moderately wounded.
The orc hits you but does no damage. Something hits you.
The orc hits you with a +0 hand axe. Something hits you but does no damage.
Casting: Sandblast (safe; 1% risk of failure)
Confirm with . or Enter, or press ? or * to list all spells.
Aiming: Sandblast (safe; 1% risk of failure)
Press: ? - help, Shift-Dir - straight line, f/p - orc
Aim: an orc, wielding a +0 hand axe and wearing a +0 leather armour (moderately wounded, 83% to hit)
The blast of sand hits the orc.
The orc is almost dead.
Something hits you. The orc barely misses you.
Are you sure you want to abandon this character and quit the game? (Confirm with "yes".)

#......+ #..)...##
#.......# #+#### +.......#
.....# #.......# .....##
#......# ......+ #......+
......## #####.o.##
.......# #+#...#@#.#
.....## ##.......#####
...#+#.#...........#.#+#
####...##.........##...###
.#......+.........'......#
.#......##.......##......#
.#.......#.......#.......#
.+.......####+####.......+
.#.......#.......#.......#


You could see an orc.

Vanquished Creatures
  A hound (D:3)
  An iguana (D:4)
  An orc wizard (D:4)
  A mummy (D:3)
  3 adders
  7 gnolls
  3 worms
  2 dart slugs
  3 orcs
  7 bats
  6 endoplasms
  2 giant cockroaches
  2 hobgoblins
  8 jackals
  4 quokkas
  A frilled lizard (D:3)
  9 goblins
  5 kobolds
  7 rats
  A spectral goblin (D:2)
74 creatures vanquished.

Notes
Turn   | Place    | Note
-------+----------+-------------------------------------------
     0 | D:1      | Nacht the Demonspawn Earth Elementalist began the quest for
                  | the Orb.
     0 | D:1      | Reached XP level 1. HP: 13/13 MP: 3/3
   105 | D:1      | Reached skill level 3 in Earth Magic
   130 | D:1      | Gained mutation: You have a small tail. [demonic ancestry]
   130 | D:1      | Reached XP level 2. HP: 15/19 MP: 0/5
   864 | D:1      | Learned a level 2 spell: Passwall
   988 | D:2      | Gained mutation: When seriously injured, your blood forms
                  | armour. (AC +6) [demonic ancestry]
   988 | D:2      | Reached XP level 3. HP: 24/24 MP: 3/6
   993 | D:2      | Reached skill level 4 in Earth Magic
  1193 | D:2      | Found a faded altar of an unknown god.
  1573 | D:2      | Reached XP level 4. HP: 14/30 MP: 1/7
  1860 | D:3      | Learned a level 3 spell: Stone Arrow
  1967 | D:3      | Found Xeadocad's Antique Weapon Emporium.
  2157 | D:3      | Reached skill level 1 in Conjurations
  2182 | D:3      | Gained mutation: You have a tail ending in a sharp stinger.
                  | [demonic ancestry]
  2182 | D:3      | Reached XP level 5. HP: 24/35 MP: 0/8
  2709 | D:3      | Found a snail-covered altar of Cheibriados.
  2999 | D:3      | Reached skill level 5 in Earth Magic
  3244 | D:4      | Found a staircase to the Ecumenical Temple.
  3387 | D:4      | Gained mutation: A weak demonic guardian rushes to your
                  | aid. [demonic ancestry]
  3387 | D:4      | Reached XP level 6. HP: 26/41 MP: 3/10
  3389 | D:4      | Quit the game

Illustrated notes

Levels and vault maps discovered:
D:1:      erik_arrival_blinker_ship, layout_loops_cross
D:2:      layout_loops_ring, dreamdust_ecumenical_altar_drowned_temple
D:3:      layout_basic, nicolae_elyvilon_peaceful_grove, slow_altar_1,
          mainiacjoe_overflow_small_starburst, serial_shops, nicolae_shop_stone,
          serial_curves, eino_curves_02, eino_curves_03
D:4:      nicolae_cairo_tiling_very_big, layout_basic,
          mainiacjoe_overflow_alcove_4, minmay_temple_entry_enclosed_plants,
          minivault_11, minmay_bisected

Skill      XL: |  1  2  3  4  5 |
---------------+----------------+-----
Earth Magic    | 3 4 5 |  5.0
Conjurations   | 1 2 |  2.8
Dodging        | |  1.7
Stealth        | |  1.7
Spellcasting   | |  2.7
Transmutations | |  0.8

Action                     |  1- 3 |  4- 6 || total
---------------------------+-------+-------++-------
  Melee: Unarmed           |     9 |       ||     9
         Tailslap          |     4 |     1 ||     5
         Dagger            |     1 |     4 ||     5
   Cast: Sandblast         |    50 |    68 ||   118
    Use: Potion            |     2 |       ||     2
 Armour: Robe              |    15 |    26 ||    41
  Dodge: Dodged            |    59 |    47 ||   106

Table legend: (Time is in decaauts)
 A = Elapsed time spent in this place.
 B = Non-inter-level travel time spent in this place.
 C = Inter-level travel time spent in this place.
 D = Time resting spent in this place.
 E = Time spent auto-exploring this place.
 F = Levels seen in this place.
 G = Mean time per level.
                   A        B        C        D        E       F      G
               +--------+--------+--------+--------+--------+-----+--------+
         Total |   3451 |   3373 |     78 |      0 |   2852 |   4 |  862.8 |
       Dungeon |   3451 |   3373 |     78 |      0 |   2852 |   4 |  862.8 |
               +--------+--------+--------+--------+--------+-----+--------+

Top non-repeatable levels by time:
     D:3: 1183 daAuts
     D:2: 959 daAuts
     D:1: 877 daAuts
     D:4: 431 daAuts
